 Dungeon Crawl Stone Soup version 0.22.1-1-ga44c0e56f4 (webtiles) character file.

191 JOKERXD40 the Magician (level 5, -1/31 HPs)
             Began as an Octopode Wizard on Nov 12, 2018.
             Was an Initiate of Qazlal.
             Killed from afar by Sigmund (9 damage)
             ... with a magic dart
             ... on level 4 of the Dungeon.
             The game lasted 00:27:23 (3843 turns).

JOKERXD40 the Magician (Octopode Wizard)            Turns: 3843, Time: 00:27:24

Health: -1/31      AC:  2    Str:  7    XL:     5   Next: 70%
Magic:  1/11       EV: 13    Int: 21    God:    Qazlal [......]
Gold:   189        SH:  0    Dex: 10    Spells: 4/12 levels left

rFire    . . .     SeeInvis .   a - +0 dagger (protect)
rCold    . . .     Gourm    .   (no shield)
rNeg     . . .     Faith    .   m - +1 hat
rPois    .         Spirit   .   u - amulet of regeneration
rElec    .         Reflect  .   (no ring)
rCorr    .         Harm     .   (no ring)
MR       .....                  (no ring)
Stlth    +++.......             (no ring)
HPRegen  0.50/turn              (no ring)
MPRegen  0.12/turn              (no ring)
                                (no ring)
                                (no ring)

@: no status effects
A: almost no armour, stealthy swim, amphibious, 8 rings, constrict 8, camouflage
1, gelatinous body 1
a: Renounce Religion


You were on level 4 of the Dungeon.
You worshipped Qazlal.
Qazlal was noncommittal.
You were not hungry.

You visited 2 branches of the dungeon, and saw 5 of its levels.

You collected 189 gold pieces.

Inventory:

Hand Weapons
 a - a +0 dagger of protection (weapon)
Missiles
 i - 160 stones
 l - 4 javelins (quivered)
Armour
 m - a +1 hat (worn)
Magical Staves
 b - an uncursed staff of poison
Jewellery
 u - an amulet of regeneration (around mantle)
Wands
 g - a wand of enslavement (8)
 t - a wand of iceblast (12)
Scrolls
 e - 2 scrolls of amnesia
 f - 3 scrolls of magic mapping
 h - a scroll of remove curse
 j - a scroll of blinking {unknown}
 k - a scroll of random uselessness {unknown}
 n - 3 scrolls of enchant armour
 q - 2 scrolls of teleportation {unknown}
Potions
 d - a potion of heal wounds {unknown}
 o - a potion of flight
 p - a potion of lignification {unknown}
 r - 2 potions of curing
 s - a potion of resistance {unknown}
Comestibles
 c - 11 rations


   Skills:
 - Level 2.2 Dodging
 - Level 3.2 Stealth
 + Level 4.2 Spellcasting
 + Level 2.1 Conjurations
 - Level 2.0 Summonings
 - Level 2.1 Translocations
 * Level 1.0 Air Magic
 * Level 1.2 Poison Magic


You had 4 spell levels left.
You knew the following spells:

 Your Spells              Type           Power        Failure   Level  Hunger
a - Magic Dart            Conj           ##..         4%          1    None
b - Blink                 Tloc           N/A          8%          2    #......
c - Call Imp              Summ           ##......     8%          2    #......
d - Mephitic Cloud        Conj/Pois/Air  ##......     19%         3    ###....

Your spell library contained the following spells:

 Spells                   Type           Power        Failure   Level  Hunger
 Slow                     Hex            #.......     19%         2    #......
 Conjure Flame            Conj/Fire      #.......     22%         3    ###....


Dungeon Overview and Level Annotations

Branches:
Dungeon (4/15)             Temple (1/1) D:4

Altars:
Cheibriados
Fedhas
Gozag
Nemelex Xobeh
Okawaru
Qazlal
Ru
Trog
Uskayaw
Wu Jian
Xom
Yredelemnul
Zin

Annotations:
D:4 Sigmund


Innate Abilities, Weirdness & Mutations

You cannot wear most types of armour.
You are very stealthy in the water. (Stealth+)
You are amphibious.
You can wear up to eight rings at the same time.
You can use your tentacles to constrict eight enemies at once.
Your skin changes colour to match your surroundings (Stealth+).
Your rubbery body absorbs attacks. (AC +1, EV +1)


Message History

A beastly little devil appears in a puff of frigid air.
Your crimson imp appears confused.
Casting: Call Imp (safe; 8% risk of failure)
Confirm with . or Enter, or press ? or * to list all spells.
A beastly little devil appears in a puff of flame.
You swap places.
Something hits you.
* * * LOW HITPOINT WARNING * * *
A magic dart appears from out of thin air!
The magic dart hits your white imp.
Your white imp resists with significant effort.
You swap places.
There is a stone staircase leading down here.
Your crimson imp seems less confused.
Something hits you.
* * * LOW HITPOINT WARNING * * *
You swap places.
A magic dart appears from out of thin air!
The magic dart hits you!
You die...

#......................#
#...............##....#
##.########>....#....# ## #<#
##......#..# .# #.# #..####...#
.# #.# ####.####....## .# #.#
#....#....#.8.## ##.#
#.###..........# ###..#
##.##.5#@..8.>.8##
....#####......5.........#
###...##....##.....#)8.#.#
.##.#............5..#....########
..).......####..................#
.###.###..# #.##########.#####.
#.# #..# #.# ##.# #.....#
#'###.## #.###..# ###.###.#
+_###.#####......# #...##


You could see 2 friendly crimson imps.

Vanquished Creatures
  A bullfrog skeleton (D:3)
  A jelly (D:4)
  A worker ant (D:4)
  3 adders
  2 worms (D:2)
  3 adder skeletons (D:4)
  An orc (D:3)
  A giant cockroach (D:3)
  4 hobgoblins
  2 jackals (D:1)
  A ball python (D:4)
  5 bats
  2 frilled lizards
  5 goblins
  5 kobolds
  7 rats
44 creatures vanquished.

Vanquished Creatures (collateral kills)
  An ogre (D:4)
  A worm (D:3)
  A bat (D:3)
3 creatures vanquished.

Grand Total: 47 creatures vanquished

Notes
Turn   | Place    | Note
-------+----------+-------------------------------------------
     0 | D:1      | JOKERXD40 the Octopode Wizard began the quest for the Orb.
     0 | D:1      | Reached XP level 1. HP: 11/11 MP: 4/4
   334 | D:1      | Reached XP level 2. HP: 17/17 MP: 0/6
   822 | D:2      | Learned a level 2 spell: Blink
   825 | D:2      | Learned a level 2 spell: Call Imp
  1673 | D:2      | Reached XP level 3. HP: 21/21 MP: 0/7
  2743 | D:3      | Reached XP level 4. HP: 19/27 MP: 1/9
  3149 | D:4      | Found a staircase to the Ecumenical Temple.
  3156 | D:4      | Noticed an ogre
  3194 | D:4      | Killed an ogre
  3194 | D:4      | Reached skill level 4 in Spellcasting
  3194 | D:4      | Reached XP level 5. HP: 7/31 MP: 4/11
  3257 | D:4      | Learned a level 3 spell: Mephitic Cloud
  3386 | D:4      | Found a basalt altar of Yredelemnul.
  3425 | Temple   | Entered the Ecumenical Temple
  3699 | Temple   | Became a worshipper of Qazlal Stormbringer
  3720 | D:4      | Found a sparkling altar of Nemelex Xobeh.
  3731 | D:4      | Reached skill level 1 in Air Magic
  3731 | D:4      | Reached skill level 1 in Poison Magic
  3783 | D:4      | Noticed Sigmund
  3843 | D:4      | Killed from afar by Sigmund

Skill      XL: |  1  2  3  4  5 |
---------------+----------------+-----
Stealth        | 3 |  3.2
Conjurations   | 2 |  2.1
Spellcasting   | 4 |  4.2
Summonings     | 2 |  2.0
Translocations | 2 |  2.1
Air Magic      | 1 |  1.0
Poison Magic   | 1 |  1.2
Dodging        | |  2.2

Action                   |  1- 3 |  4- 6 || total
-------------------------+-------+-------++-------
Melee: Whip              |    19 |       ||    19
       Constrict         |     4 |     2 ||     6
       Tentacles         |     2 |     1 ||     3
       Dagger            |     3 |     8 ||    11
 Cast: Magic Dart        |    90 |    32 ||   122
       Call Imp          |     5 |    11 ||    16
       Blink             |       |     2 ||     2
  Use: Scroll            |     7 |     2 ||     9
  Eat: Chunk             |     4 |       ||     4
       Ration            |     1 |     1 ||     2
Armor: Skin              |     9 |     5 ||    14
Dodge: Dodged            |    27 |    11 ||    38
